Map: Blackrock LE

Players

Halo - Winner!

  • Race: Zerg Zerg

A.I. 1 (Hard)

  • Race: Zerg Zerg

VOD

Have the link to the VOD?

Description

Time

  • Played on: Aug. 12, 2026, 5:14 p.m.
  • Length: 14:37
Show
View Real Time Build Order
Export as new Build Order

Halo Zerg - Winner!

Build Orders: Pool First 

Get SALT Encoding   

  8  0:04  Drone  
  9  0:10  Drone  
  10  0:16  Drone  
  11  0:21  Drone  
  12  0:34  Overlord  
  12  0:40  Extractor  
  12  0:41  Drone  
  13  0:55  Drone x2  
  15  1:04  Drone  
  15  1:10  Spawning Pool  
  15  1:14  Drone  
  16  1:24  Drone  
  17  1:40  Hatchery  
  17  1:43  Drone  
  17  1:47  Extractor  
  17  1:49  Drone  
  17  2:04  Drone  
  18  2:14  Zergling x4  
  20  2:20  Roach Warren  
  19  2:23  Drone  
  20  2:34  Overlord  
  20  2:53  Metabolic Boost  
  20  2:57  Drone x2  
  22  3:05  Drone x3  
  25  3:11  Queen x2  
  29  3:20  Roach  
  31  3:27  Zergling x2  
  31  3:33  Overlord x2  
  32  3:50  Queen x2  
  36  4:01  Roach x3  
  42  4:05  Roach  
  44  4:13  Drone x3  
  47  4:17  Overlord  
  47  4:24  Overlord  
  47  4:46  Drone x6  
  53  5:01  Drone  
  53  5:02  Drone x3, Extractor  
  53  5:04  Drone x3  
  53  5:06  Drone  
  60  5:27  Overlord x2  
  60  5:38  Roach x2  
  64  5:46  Overlord  
  64  5:47  Overlord, Hatchery  
  63  6:05  Lair  
  63  6:35  Drone  
  63  6:36  Drone x14  
  78  6:53  Ravager  
  79  6:56  Ravager  
  79  6:57  Ravager x2  
  82  7:07  Roach x10  
  79  7:55  Queen  
  81  8:13  Drone  
  81  8:14  Drone x2  
  81  8:18  Extractor  
  81  8:19  Extractor  
  82  8:22  Spire  
  82  8:24  Evolution Chamber x2  
  82  8:26  Drone x4  
  83  8:28  Infestation Pit  
  82  8:59  Zerg Ground Armor Level 1  
  82  9:07  Extractor, Drone  
  82  9:08  Drone x2  
  82  9:09  Drone  
  85  9:14  Drone  
  85  9:15  Drone x2  
  85  9:16  Drone, Extractor  
  88  9:18  Drone x3  
  88  9:19  Drone x2  
  88  9:20  Drone  
  88  9:22  Overlord x3  
  88  9:23  Zerg Missile Weapons Level 1, Overlord  
  88  9:24  Overlord x2  
  94  9:25  Roach x3  
  100  9:55  Overlord x2  
  100  9:56  Overlord  
  100  9:57  Roach x8  
  100  9:58  Roach x9  
  134  10:01  Hatchery  
  133  10:13  Hatchery  
  132  10:54  Overlord x3  
  132  10:55  Roach x11  
  132  10:56  Roach x6  
  166  11:02  Mutalisk x3  
  172  11:05  Glial Reconstitution  
  164  11:35  Mutalisk x4  
  164  11:36  Mutalisk  
  164  11:39  Roach x11  
  196  11:55  Overlord  
  196  11:56  Overlord  
  194  12:17  Queen  
  194  12:43  Mutalisk x3  
  170  13:34  Mutalisk  
  170  13:35  Mutalisk x14  
  198  13:55  Roach  
Show
View Real Time Build Order
Export as new Build Order

A.I. 1 (Hard) Zerg 

Build Orders: 1 Base Baneling Bust, Pool First 

Get SALT Encoding   

  8  0:00  Drone  
  9  0:11  Drone  
  10  0:16  Drone  
  11  0:22  Drone  
  12  0:33  Overlord  
  12  0:51  Drone  
  12  0:52  Drone  
  12  0:54  Drone  
  15  1:01  Drone  
  16  1:10  Spawning Pool  
  15  1:13  Drone  
  16  1:20  Extractor  
  16  1:21  Drone  
  16  1:30  Drone  
  17  1:40  Overlord  
  17  1:57  Zergling x2  
  17  1:59  Queen  
  20  2:06  Roach Warren  
  19  2:09  Zergling x2  
  19  2:10  Drone  
  19  2:12  Extractor  
  20  2:20  Drone  
  21  2:30  Drone  
  22  2:40  Overlord  
  22  2:50  Drone  
  23  3:00  Roach  
  23  3:05  Overlord, Drone  
  26  3:11  Roach  
  28  3:23  Roach  
  30  3:32  Overlord  
  30  3:34  Roach  
  32  3:46  Roach  
  34  3:57  Roach  
  34  4:02  Overlord  
  36  4:08  Roach  
  38  4:11  Drone  
  38  4:15  Drone  
  40  4:19  Drone  
  40  4:20  Roach  
  43  4:25  Drone  
  44  4:35  Drone, Baneling Nest  
  44  4:41  Drone, Roach  
  44  4:42  Drone  
  48  4:47  Overlord  
  48  4:55  Evolution Chamber, Drone  
  48  5:06  Roach  
  50  5:17  Roach  
  52  5:28  Roach  
  54  6:30  Lair  
  54  6:31  Zerg Melee Weapons Level 1, Overlord  
  54  6:33  Evolution Chamber  
  54  6:34  Drone  
  54  6:35  Spore Crawler, Drone  
  54  6:36  Spore Crawler  
  54  6:37  Drone  
  54  6:39  Hatchery  
  53  6:52  Drone  
  54  6:59  Zerg Missile Weapons Level 1  
  54  7:03  Spine Crawler  
  54  7:05  Drone  
  53  7:12  Spine Crawler  
  53  7:14  Drone  
  53  7:27  Zergling x2  
  53  7:28  Overseer, Burrow  
  53  7:29  Overseer  
  51  7:30  Hydralisk Den  
  51  7:35  Infestation Pit  
  51  7:36  Drone  
  42  7:48  Spire  
  42  7:49  Drone  
  42  7:50  Queen  
  44  7:52  Drone  
  44  7:56  Drone  
  44  7:57  Drone  
  47  7:59  Drone, Hydralisk  
  47  8:01  Drone  
  51  8:05  Drone  
  51  8:08  Drone  
  51  8:10  Hydralisk, Ravager x3  
  51  8:11  Drone  
  59  8:13  Drone  
  59  8:16  Drone  
  61  8:21  Drone, Hydralisk  
  61  8:25  Zerg Ground Armor Level 1  
  61  8:26  Drone  
  65  8:27  Drone  
  65  8:29  Drone  
  65  8:31  Drone  
  65  8:32  Hydralisk  
  70  8:37  Spore Crawler  
  70  8:40  Drone  
  70  8:41  Spore Crawler  
  70  8:42  Drone  
  70  8:50  Drone  
  70  8:52  Overlord  
  70  8:55  Drone  
  72  8:56  Drone  
  72  8:58  Drone  
  72  9:00  Queen  
  76  9:05  Spine Crawler  
  76  9:08  Spine Crawler  
  76  9:09  Drone  
  75  9:37  Extractor  
  74  9:40  Extractor  
  74  9:42  Drone  
  74  9:59  Drone  
  75  10:00  Drone  
  75  10:02  Drone  
  75  10:03  Overlord, Drone  
  75  10:05  Drone  
  75  10:06  Drone  
  80  10:52  Pneumatized Carapace  
  80  10:53  Hive, Overlord x3, Overseer  
  80  11:01  Hatchery  
  79  11:11  Hydralisk  
  79  11:13  Overlord  
  81  11:19  Hydralisk  
  81  11:20  Zerg Melee Weapons Level 2  
  82  11:28  Zergling x2  
  77  11:57  Glial Reconstitution  
  75  12:01  Hydralisk  
  75  12:06  Ultralisk Cavern  
  76  12:13  Queen, Drone  
  76  12:15  Drone  
  80  12:16  Drone  
  80  12:18  Drone  
  80  12:19  Drone  
  80  12:21  Drone  
  80  12:22  Drone  
  85  12:24  Drone  
  85  12:25  Drone  
  85  12:26  Extractor  
  85  12:27  Drone, Spore Crawler  
  85  12:28  Drone  
  85  12:29  Spore Crawler, Drone  
  87  12:31  Drone, Zergling x2, Spore Crawler  
  87  12:32  Overlord  
  87  12:33  Drone  
  87  12:34  Spore Crawler, Drone  
  87  12:35  Zergling x2  
  87  12:36  Drone  
  83  12:37  Drone  
  83  12:38  Roach  
  83  12:39  Drone  
  83  12:40  Drone  
  83  12:41  Mutalisk  
  90  12:46  Zergling x2  
  90  12:49  Drone  
  90  12:51  Drone  
  93  12:53  Zergling x2  
  88  13:00  Zergling x2  
  87  13:07  Mutalisk  
  87  13:11  Zergling x2  
  67  13:16  Zergling x2  
  50  13:20  Roach  
  50  13:27  Drone  
  42  13:30  Ultralisk  
  36  13:38  Ultralisk  
  36  13:40  Drone  
  40  13:42  Zergling x2  
  40  13:46  Zergling x2  
  38  13:51  Drone  
  37  13:59  Queen  
  37  14:01  Drone  
  33  14:06  Drone  
  33  14:07  Roach  
  33  14:08  Drone  
Tags
 
Add a new tag
Caveats
  • Supply blocks, unpowered buildings, or Contaminate may cause inaccurate times.
  • Supply counts are checked every 10 seconds.